 Dungeon Crawl Stone Soup version 0.19-a0-1675-gc11f27c (webtiles) character file.

562 TheGoonsmith the Conjurer (level 7, -13/36 HPs)
             Began as a Gargoyle Fire Elementalist on Sept 23, 2016.
             Was an Initiate of Vehumet.
             Mangled by an ogre
             ... wielding a +0 giant club
              (21 damage)
             ... on level 4 of the Dungeon.
             The game lasted 00:05:46 (4749 turns).

TheGoonsmith the Conjurer (GrFE)                    Turns: 4749, Time: 00:05:46

Health: -13/36     AC:  9    Str: 12    XL:     7   Next: 31%
Magic:  7/12       EV: 12    Int: 17    God:    Vehumet [......]
Gold:   252        SH:  0    Dex: 10    Spells: 3 memorised, 5 levels left

rFire  + . .     SeeInvis .     n - +2 whip (freeze)
rCold  . . .     Gourm    .     a - +0 robe
rNeg   + . .     Faith    .     (no shield)
rPois  ∞         Spirit   .     (no helmet)
rElec  +         Dismiss  .     t - +2 cloak
rCorr  .         Reflect  .     (no gloves)
MR     .....     Harm     .     (no boots)
Stlth  ++........               (no amulet)
                                (no ring)
                                o - ring of protection from fire

@: no status effects
A: negative energy resistance 1, electricity resistance, unbreathing,
petrification resistance, rot immunity, AC +4
a: Renounce Religion


You were on level 4 of the Dungeon.
You worshipped Vehumet.
Vehumet was noncommittal.
You were not hungry.

You visited 2 branches of the dungeon, and saw 6 of its levels.

You collected 252 gold pieces.

Inventory:

Hand Weapons
 n - a +2 whip of freezing (weapon)
Armour
 a - a +0 robe (worn)
 t - a +2 cloak (worn)
Magical Staves
 e - an uncursed staff of air
Jewellery
 o - a ring of protection from fire (left hand)
Wands
 v - a wand of lightning (9/15)
Scrolls
 g - a scroll of recharging
 h - a scroll of magic mapping
 j - a scroll of remove curse
 r - 3 scrolls of identify
Potions
 d - a potion of invisibility
 f - 2 potions of might
 i - a potion of brilliance {unknown}
 l - a potion of heal wounds {unknown}
 q - a potion of ambrosia {unknown}
 u - a potion of beneficial mutation {unknown}
Books
 b - a book of Flames

   Spells                             Type                      Level
   a - Flame Tongue                   Conjuration/Fire             1
   b - Throw Flame                    Conjuration/Fire             2
   c - Conjure Flame                  Conjuration/Fire             3
   d - Inner Flame                    Hexes/Fire                   3
   e - Sticky Flame                   Conjuration/Fire             4
   f - Fireball                       Conjuration/Fire             5
 w - a book of Alchemy

   Spells                             Type                      Level
   a - Sublimation of Blood           Necromancy                   2
   b - Ignite Poison                  Fire/Transmutation/Poison    3
   c - Petrify                        Transmutation/Earth          4
   d - Alistair's Intoxication        Transmutation/Poison         5
   e - Irradiate                      Conjuration/Transmutation    5
Comestibles
 c - 4 bread rations
 k - 3 meat rations
 m - a beef jerky
 p - a chunk of flesh
 s - a royal jelly


   Skills:
 - Level 1.5 Dodging
 - Level 2.1 Stealth
 + Level 3.8 Spellcasting
 * Level 5.7 Conjurations
 * Level 5.0 Fire Magic


You had 5 spell levels left.
You knew the following spells:

 Your Spells              Type           Power        Failure   Level  Hunger
a - Flame Tongue          Conj/Fire      ###..        1%          1    None
c - Conjure Flame         Conj/Fire      ###.....     8%          3    ###....
s - Sticky Flame          Conj/Fire      ###.....     21%         4    ####...


Dungeon Overview and Level Annotations

Branches:
Dungeon (5/15)             Temple (1/1) D:5

Altars:
Ashenzari
Dithmenos
Elyvilon
Fedhas
Hepliaklqana
Kikubaaqudgha
Makhleb
Nemelex Xobeh
Okawaru
Qazlal
Ru
Trog
Vehumet
Yredelemnul
Zin
The Shining One

Annotations:
D:4 Menkaure


Innate Abilities, Weirdness & Mutations

You are resistant to torment.
Your stone body is resilient. (AC +4)
You are immune to poison.
You resist negative energy. (rN+)
You are resistant to electric shocks. (rElec)
You can survive without breathing.
You are immune to petrification.
You are immune to rotting.


Message History

The flame tongue hits the ogre.
The ogre is heavily wounded.
Casting: Flame Tongue
Confirm with . or Enter, or press ? or * to list all spells.
Aiming: Flame Tongue
Press: ? - help, Shift-Dir - straight line, f/p - ogre
Aim: an ogre, wielding a giant club (heavily wounded)
The flame tongue hits the ogre.
The ogre is almost dead.
The ogre hits you with a giant club!!
Ouch! That really hurt!
* * * LOW HITPOINT WARNING * * *
Casting: Flame Tongue
Confirm with . or Enter, or press ? or * to list all spells.
Aiming: Flame Tongue
Press: ? - help, Shift-Dir - straight line, f/p - ogre
Aim: an ogre, wielding a giant club (severely wounded)
The flame tongue misses the ogre.
The ogre hits you with a giant club!!
Ouch! That really hurt!
You die...

##.## *,* ****, #..# #.*
*, ##.## #.# ** #..# #.#
*, ##.# #.# *, #.#
#.######## *, #.#
#.##.....# *,
###'#####.##....!####
#...@..##........'..#
#...O..##.##.....##.#
*#####......##)##.....##.#
*...........##.#########.#
*...........##.#########.#
*........................#
*########......#..........
#......#.#########
#.....^#.#


You could see an ogre.

Vanquished Creatures
  An ogre (D:4)
  A bullfrog (D:4)
  A scorpion (D:5)
  A howler monkey (D:4)
  A bullfrog skeleton (D:5)
  A hound (D:5)
  An orc wizard (D:3)
  2 iguanas
  A worker ant (D:4)
  A hound skeleton (D:4)
  7 adders
  2 shadow imps
  A worm (D:4)
  4 dart slugs
  A leopard gecko (D:2)
  2 orcs (D:3)
  A ball python (D:5)
  14 bats
  2 giant cockroaches
  3 goblins
  10 hobgoblins
  A quokka (D:4)
  4 frilled lizards
  5 kobolds
  4 rats
72 creatures vanquished.

Notes
Turn   | Place    | Note
-------+----------+-------------------------------------------
     0 | D:1      | TheGoonsmith the Gargoyle Fire Elementalist began the quest for the Orb.
     0 | D:1      | Reached XP level 1. HP: 10/10 MP: 3/3
   183 | D:1      | Reached XP level 2. HP: 15/15 MP: 1/5
   789 | D:1      | Reached XP level 3. HP: 16/19 MP: 1/6
  1882 | D:2      | Reached XP level 4. HP: 24/24 MP: 5/7
  2540 | D:3      | Found a hazy altar of Hepliaklqana.
  2569 | D:3      | Found a sacrificial altar of Ru.
  2913 | D:3      | Reached XP level 5. HP: 28/28 MP: 3/9
  3124 | D:4      | Noticed an ogre
  3131 | D:4      | Killed an ogre
  3131 | D:4      | Reached XP level 6. HP: 18/32 MP: 0/10
  3148 | D:4      | Learned a level 4 spell: Sticky Flame
  3152 | D:4      | Learned a level 3 spell: Conjure Flame
  3227 | D:5      | Entered Level 5 of the Dungeon
  3647 | D:5      | Reached skill level 5 in Conjurations
  3931 | D:5      | Found a staircase to the Ecumenical Temple.
  4102 | Temple   | Entered the Ecumenical Temple
  4166 | Temple   | Became a worshipper of Vehumet
  4364 | D:4      | Reached XP level 7. HP: 36/36 MP: 8/12
  4558 | D:4      | Reached skill level 5 in Fire Magic
  4698 | D:4      | Noticed Menkaure
  4749 | D:4      | Mangled by an ogre

Vault maps used:
D:1:      roderic_crossed_star
D:3:      amethyst_overflow_temple_binary, first_bread, grunt_ministairs_11
D:4:      uniq_menkaure
Temple:   eino_temple_scatter_basement

Skill      XL: |  1  2  3  4  5  6  7 |
---------------+----------------------+-----
Conjurations   | 2 3 4 5 |  5.7
Fire Magic     | 4 5 |  5.0
Spellcasting   | 3 |  3.8
Dodging        | |  1.5
Stealth        | |  2.1

Action                   |  1- 3 |  4- 6 |  7- 9 || total
-------------------------+-------+-------+-------++-------
Melee: Club              |    14 |       |       ||    14
       Whip              |       |    13 |       ||    13
 Cast: Flame Tongue      |    55 |    85 |    25 ||   165
  Use: Scroll            |       |    11 |     1 ||    12
  Eat: Chunk             |     4 |     3 |     2 ||     9
       Bread ration      |       |     1 |       ||     1
Armor: Robe              |    16 |    18 |     5 ||    39
Dodge: Dodged            |    31 |    33 |    10 ||    74
